 Dungeon Crawl Stone Soup version 0.30-a0-913-g9934a0ce24 (webtiles) character file.

Game seed: 15095753938115583009

18701 hikkokomori the Fighter (level 12, -13/91 HPs)
             Began as a Barachi Hunter on Mar 20, 2023.
             Was an Elder of Hepliaklqana.
             Engulfed by a cloud of flame (17 damage)
             ... on level 1 of the Lair of Beasts.
             The game lasted 00:37:44 (11650 turns).

hikkokomori the Fighter (Barachi Hunter)           Turns: 11650, Time: 00:37:45

Health: -13/91     AC: 14    Str: 14    XL:     12   Next: 61%
Magic:  16/16      EV: 25    Int:  8    God:    Hepliaklqana [****..]
Gold:   921        SH:  0    Dex: 25    Spells: 10/11 levels left

rFire   . . .      SeeInvis .    a - +1 shortbow
rCold   . . .      Faith    .    (shield currently unavailable)
rNeg    . . .      Spirit   .    F - +3 ring mail "Wecrecat" {-Tele rPois Regen+}
rPois   +          Reflect  .    H - +0 hat
rElec   .          Rampage  .    T - +1 cloak
rCorr   .          Clarity  +    V - +0 pair of gloves
Will    .....      NoTele   +    g - +0 pair of boots
Stlth   ++++                     (no amulet)
HPRegen 1.15/turn                d - ring of the Hare {EV+10}
MPRegen 0.15/turn                M - +6 ring of dexterity

@: marked, unable to hop, slow
A: reduced essence, amphibious, slowness 1, strong legs 1, +LOS, clarity,
deterioration 1, dopey 1, shaggy fur 1
a: Hop, Renounce Religion, Recall Ancestor, Ancestor Identity, Transference,
Idealise


You were on level 1 of the Lair of Beasts.
You worshipped Hepliaklqana.
Hepliaklqana was greatly pleased with you.
You visited 3 branches of the dungeon, and saw 13 of its levels.
You also visited: Sewer, Ossuary and Bailey.

You collected 1110 gold pieces.
You spent 189 gold pieces at shops.

Inventory:

Hand Weapons
 a - a +1 shortbow (weapon)
 r - a +3 dagger
 N - a +0 vampiric glaive
Missiles
 m - 50 poisoned darts
 J - 8 datura-tipped darts
 K - 2 throwing nets
 O - 7 curare-tipped darts
Armour
 g - a +0 pair of boots (worn)
 F - the +3 ring mail "Wecrecat" (worn) {-Tele rPois Regen+}
   (You bought it in a shop on level 1 of the Dungeon)

   rPois:     It protects you from poison.
   -Tele:     It prevents most forms of teleportation.
   Regen:     It increases your rate of health regeneration.
 H - a +0 hat (worn)
 T - a +1 cloak (worn)
 V - a +0 pair of gloves (worn)
 W - +0 acid dragon scales
 X - a +3 ring mail
Jewellery
 c - a +6 ring of intelligence
 d - the ring of the Hare (left hand) {EV+10}
   (You found it in an ossuary)

   [ring of evasion]

   EV:        It affects your evasion (+10).
 i - a ring of ice
 M - a +6 ring of dexterity (right hand)
 Q - a ring of poison resistance
 U - a ring of poison resistance
Wands
 x - a wand of digging (4)
 E - a wand of roots (12)
 G - a wand of polymorph (7)
 Y - a wand of light (1)
Scrolls
 b - a scroll of immolation
 f - 2 scrolls of poison
 k - 3 scrolls of vulnerability
 o - a scroll of butterflies
 v - a scroll of fear
 w - 2 scrolls of magic mapping
 y - 3 scrolls of amnesia
 z - a scroll of blinking
 A - 4 scrolls of teleportation
 C - 3 scrolls of noise
 I - 2 scrolls of fog
 P - a scroll of brand weapon {unknown}
 S - 3 scrolls of identify
Potions
 e - 5 potions of flight
 h - 2 potions of resistance
 j - 4 potions of curing
 l - 2 potions of might
 n - 6 potions of berserk rage
 p - 3 potions of lignification
 q - 2 potions of magic
 s - 5 potions of attraction
 t - 4 potions of heal wounds {unknown}
 u - 3 potions of haste
 B - a potion of invisibility
 D - 2 potions of mutation
 L - a potion of cancellation {unknown}
 R - a potion of brilliance


   Skills:
 + Level 12.1 Fighting
 + Level 11.3 Ranged Weapons
 - Level 4.0 Armour
 - Level 6.1 Dodging
 - Level 8.1 Stealth
 - Level 3.5 Translocations
 + Level 6.2 Invocations
 + Level 7.4 Evocations


You had 10 spell levels left.
You knew the following spells:

 Your Spells              Type           Power      Damage    Failure   Level
a - Apportation           Tloc           10%        N/A       21%         1

Your spell library contained the following spells:

 Spells                   Type           Power      Damage    Failure   Level
 Lesser Beckoning         Tloc           10%        N/A       30%         2
 Gell's Gravitas          Tloc           5%         N/A       52%         3
 Teleport Other           Tloc           5%         N/A       52%         3
 Freeze                   Ice            0%         1d3       63%         1
 Necrotise                Necr           0%         1d4       63%         1
 Sandblast                Erth           0%         2d4       63%         1
 Slow                     Hex            0%         N/A       63%         1
 Sting                    Tmut/Pois      0%         1d3       63%         1
 Summon Small Mammal      Summ           0%         N/A       63%         1
 Passwall                 Tmut/Erth      0%         N/A       77%         2
 Poisonous Vapours        Pois/Air       0%         N/A       77%         2
 Confusing Touch          Hex            0%         N/A       94%         3
 Frozen Ramparts          Ice            0%         1d1       94%         3
 Hailstorm                Conj/Ice       0%         3d3       94%         3
 Stone Arrow              Conj/Erth      0%         3d7       94%         3
 Vampiric Draining        Necr           0%         2d6       94%         3
 Ice Form                 Ice/Tmut       0%         N/A       100%        4
 Olgreb's Toxic Radiance  Pois           0%         N/A       100%        4
 Summon Ice Beast         Ice/Summ       0%         N/A       100%        4
 Alistair's Intoxication  Tmut/Pois      0%         N/A       100%        5
 Borgnjor's Vile Clutch   Necr/Erth      0%         N/A       100%        5
 Malign Gateway           Summ/Tloc      1%         N/A       100%        7


Dungeon Overview and Level Annotations

Branches:
Dungeon (11/15)            Temple (1/1) D:7            Lair (1/5) D:11
    Orc (0/2) D:10          Sewer (visited)         Ossuary (visited)
 Bailey (visited)

Altars:
Ashenzari
Cheibriados
Dithmenos
Elyvilon
Fedhas
Gozag
Hepliaklqana
Kikubaaqudgha
Makhleb
Nemelex Xobeh
Okawaru
Qazlal
Ru
Sif Muna
Trog
Uskayaw
Vehumet
Wu Jian
Xom
Yredelemnul
Zin
The Shining One

Shops:
D:1 [

Annotations:
D:9 2 transporters, cforsyth's ghost, journeyman OgFE
Temple 2 transporters


Innate Abilities, Weirdness & Mutations

Your life essence is reduced to manifest your ancestor. (-10% HP)
You are amphibious.
You cover ground slowly.
You can hop short distances.
You have an extended range of vision and can be seen from far away.
You possess an exceptional clarity of mind.
Your body sometimes deteriorates upon taking damage.
You are dopey. (Int -2)
You are covered in fur. (AC +1)


Message History

The fiery explosion engulfs the yak!!
Flame seeps out of the yak.
The yak is almost dead.
The fiery explosion engulfs the yak!!
The fiery explosion engulfs the yak!!!
The yak explodes!
The fiery explosion engulfs Sonja!!
The fiery explosion engulfs the yak!!
The fiery explosion engulfs the yak!!!
The yak explodes!
You feel a bit more experienced.
The yak explodes!
Sonja explodes!
The yak explodes! x2; The wolf explodes! x2
You are engulfed in blazing flames.
Your body deteriorates!
You feel clumsy. The blink frog closely misses you.
You feel your intelligence returning.
You feel your dexterity returning.
Your Fighting skill increases to level 12!
Your Invocations skill increases to level 6!
Your Evocations skill increases to level 7!
Unknown command.
Unknown command.
Unknown command.
Unknown command.
Unknown command.
Unknown command.
Hop to where?
Press: ? - help, Dir - move target Boing!
The blink frog blinks!
Fire: a) +1 shortbow
Press: ? - help, Shift-Dir - straight line, f - blink frog
Aim: a blink frog (severely wounded, inner flame, blind, 60% to hit)
You shoot an arrow. The arrow misses the blink frog.
The arrow hits the yak!
The yak explodes!
The fiery explosion engulfs the yak!!
The fiery explosion engulfs the blink frog!!
The blink frog explodes!
The fiery explosion engulfs the blink frog!!!
You kill the blink frog!
The fiery explosion engulfs you!!
* * * LOW HITPOINT WARNING * * *
The yak explodes!
You are engulfed in blazing flames.
You die...

### #..## ##...##
##.....##
#.......#########
#...)<.....§§§§§#
#.........####§§######
#....).#####.§.§@....#
###...## #...#####.#
......# #.. .......
... .#.#### #P. ... #.
#.. .. #. #


There were no monsters in sight!

Vanquished Creatures
  3 two-headed ogres
  A boulder beetle (D:11)
  Sonja (Lair:1)
  A cane toad (Lair:1)
  A komodo dragon (D:11)
  2 trolls
  5 blink frogs (Lair:1)
  A queen bee (D:8)
  A tarantella (shapeshifter) (D:11)
  A hornet (D:7)
  Sigmund (D:6)
  2 wraiths
  35 yaks
  Edmund (D:4)
  A warg (D:10)
  4 acid dragons
  A water moccasin (D:8)
  4 ice beasts
  An orc warrior (D:8)
  A swamp drake (D:7)
  2 ogres
  A sky beast (D:7)
  5 wolves (Lair:1)
  4 centaurs
  A phantom (D:4)
  4 bullfrogs
  6 kobold brigands
  11 scorpions
  3 elf skeletons (D:7)
  5 wights (D:8)
  15 killer bees
  5 howler monkeys
  3 hounds
  4 human zombies (Ossuary)
  A jelly (D:4)
  2 centaur zombies (Ossuary)
  A gnoll bouda (D:7)
  4 sleepcaps
  A human skeleton (D:7)
  3 iguanas
  4 orc wizards
  6 scorpion zombies (Ossuary)
  3 mummies (Ossuary)
  6 gnolls
  5 adders
  A river rat (Sewer)
  A shadow imp (D:5)
  A white imp (D:7)
  4 worms
  27 orcs
  8 bats
  11 endoplasms
  8 giant cockroaches
  11 goblins
  6 hobgoblins
  9 jackals
  23 kobolds
  6 quokkas
  12 ball pythons
  3 goblin zombies (Ossuary)
  2 hobgoblin zombies (Ossuary)
  2 kobold zombies (Ossuary)
  2 orc skeletons (D:7)
  An orc zombie (Ossuary)
  9 rats
320 creatures vanquished.

Vanquished Creatures (collateral kills)
  An orc knight (Bailey)
  7 yaks
  Eustachio (D:3)
  An acid dragon (D:9)
  A water moccasin (D:8)
  2 orc warriors
  A wolf (Lair:1)
  2 kobold brigands (Bailey)
  8 killer bees
  A howler monkey (D:9)
  An orc priest (D:4)
  A gnoll (D:8)
  6 orcs
  2 goblins (D:8)
  3 kobolds
38 creatures vanquished.

Vanquished Creatures (others)
  3 ancestors (D:7)
  7 knights
  22 plants
32 creatures vanquished.

Grand Total: 390 creatures vanquished

Notes
Turn   | Place    | Note
-------+----------+-------------------------------------------
     0 | D:1      | hikkokomori the Barachi Hunter began the quest for the Orb.
     0 | D:1      | Reached XP level 1. HP: 17/17 MP: 1/1
    16 | D:1      | Reached skill level 1 in Stealth
    57 | D:1      | Reached XP level 2. HP: 13/23 MP: 2/2
   357 | D:1      | Reached XP level 3. HP: 23/28 MP: 3/3
   360 | D:1      | Reached skill level 3 in Fighting
   474 | D:1      | Found Pympupn's Antique Armour Shoppe.
  1520 | D:2      | Reached XP level 4. HP: 35/35 MP: 4/4
  2900 | D:4      | Noticed Eustachio
  2900 | D:4      | Noticed Edmund
  3043 | D:4      | Reached XP level 5. HP: 42/42 MP: 5/5
  3066 | D:4      | You fall into a shaft and drop 3 floors!
  3085 | D:7      | Noticed an orc warrior
  3086 | D:7      | Noticed an ogre
  3113 | D:7      | Noticed a hornet
  3192 | D:7      | Reached skill level 4 in Fighting
  3192 | D:7      | Found a sand-covered staircase.
  3213 | D:7      | Reached skill level 5 in Ranged Weapons
  3213 | D:7      | Reached XP level 6. HP: 29/49 MP: 6/6
  3369 | Ossuary  | Entered an ossuary
  3396 | Ossuary  | Reached skill level 5 in Fighting
  3500 | Ossuary  | Reached XP level 7. HP: 16/56 MP: 7/7
  3682 | Ossuary  | Found the ring of the Hare {EV+10}
  3956 | Ossuary  | Reached skill level 6 in Fighting
  4038 | Ossuary  | Reached XP level 8. HP: 17/64 MP: 8/8
  4295 | Ossuary  | Reached skill level 5 in Stealth
  4588 | D:7      | Reached skill level 7 in Fighting
  4763 | D:7      | Paralysed by a hornet for 2 turns
  4767 | D:7      | Gained mutation: Your body sometimes deteriorates upon
                  | taking damage. [potion of mutation]
  4767 | D:7      | Gained mutation: You are covered in fur. (AC +1) [potion of
                  | mutation]
  4767 | D:7      | Gained mutation: You are dopey. (Int -2) [potion of
                  | mutation]
  4767 | D:7      | Gained mutation: You possess an exceptional clarity of
                  | mind. [potion of mutation]
  4772 | D:7      | HP: 1/100 [hornet (7)]
  4781 | D:7      | Killed a hornet
  4782 | D:7      | Reached XP level 9. HP: 4/74 MP: 9/9
  5092 | D:7      | Found a staircase to the Ecumenical Temple.
  5118 | Temple   | Entered the Ecumenical Temple
  5118 | Temple   | Found a transporter.
  5118 | Temple   | Found a transporter.
  5119 | Temple   | Found a transporter.
  5119 | Temple   | Found a transporter.
  5153 | Temple   | Became a worshipper of Hepliaklqana the Forgotten
  5182 | D:7      | Found a bloodstained altar of Trog.
  5182 | D:7      | Found an iron altar of Okawaru.
  5238 | D:7      | Reached skill level 8 in Fighting
  5471 | D:6      | Noticed Sigmund
  5496 | D:6      | Killed Sigmund
  5529 | D:5      | Entered Level 5 of the Dungeon
  5588 | D:5      | Found a glowing drain.
  5618 | Sewer    | Entered a sewer
  6042 | D:5      | Reached skill level 9 in Fighting
  6046 | D:5      | Reached * piety under Hepliaklqana
  6192 | D:1      | Bought a tiger eye-encrusted ring mail for 189 gold pieces
  6192 | D:1      | Identified the +3 ring mail "Wecrecat" {-Tele rPois Regen+}
                  | (You bought it in a shop on level 1 of the Dungeon)
  6209 | D:1      | Learned a level 1 spell: Apportation
  6245 | D:3      | Killed Eustachio
  6253 | D:4      | Reached skill level 1 in Armour
  6308 | D:4      | Reached skill level 1 in Translocations
  6540 | D:4      | Killed Edmund
  7134 | D:6      | Got the Secrets of Tectonic Displacement
  7496 | D:7      | Reached XP level 10. HP: 74/74 MP: 10/10
  7718 | D:7      | Noticed a two-headed ogre
  7728 | D:7      | Killed a two-headed ogre
  7971 | D:7      | Reached skill level 5 in Dodging
  8010 | D:8      | Found a snail-covered altar of Cheibriados.
  8057 | D:8      | Found a flagged portal.
  8083 | Bailey   | Entered a bailey
  8154 | Bailey   | Reached ** piety under Hepliaklqana
  8155 | Bailey   | Remembered your ancestor Tepiltzin as a knight
  8218 | Bailey   | Noticed an orc knight
  8239 | Bailey   | Killed an orc knight
  8240 | Bailey   | Reached skill level 1 in Invocations
  8240 | Bailey   | Reached skill level 1 in Evocations
  8255 | Bailey   | Found an iron altar of Okawaru.
  8803 | D:8      | Reached XP level 11. HP: 81/81 MP: 12/12
  9329 | D:9      | Reached *** piety under Hepliaklqana
  9495 | D:9      | Reached skill level 10 in Fighting
  9633 | D:9      | Found a transporter.
  9642 | D:9      | Noticed an eight-headed hydra
  9643 | D:9      | Noticed cforsyth's ghost (journeyman OgFE)
  9664 | D:9      | Found a transporter.
  9748 | D:9      | Noticed a moth of wrath
  9847 | D:10     | Entered Level 10 of the Dungeon
  9944 | D:10     | Reached skill level 10 in Ranged Weapons
  9982 | D:10     | Found a staircase to the Orcish Mines.
 10446 | D:10     | Reached skill level 5 in Evocations
 10831 | D:11     | Reached skill level 11 in Fighting
 10901 | D:11     | Noticed a boulder beetle
 10955 | D:11     | Killed a boulder beetle
 10956 | D:11     | Reached skill level 5 in Invocations
 10956 | D:11     | Reached XP level 12. HP: 63/90 MP: 15/15
 10973 | D:11     | Noticed a two-headed ogre
 10979 | D:11     | Noticed a two-headed ogre
 10995 | D:11     | Killed a two-headed ogre
 11008 | D:11     | Killed a two-headed ogre
 11079 | D:11     | Reached **** piety under Hepliaklqana
 11277 | D:11     | Found a staircase to the Lair.
 11616 | Lair:1   | Entered Level 1 of the Lair of Beasts
 11645 | Lair:1   | Noticed Sonja
 11648 | Lair:1   | Killed Sonja
 11649 | Lair:1   | Reached skill level 12 in Fighting
 11650 | Lair:1   | HP: 4/91 [spore (32)]
 11650 | Lair:1   | Engulfed by a cloud of flame

Illustrated notes

Levels and vault maps discovered:
D:1:      giann_horns, layout_basic, serial_shops,
          nicolae_shop_overgrown_old_shop
D:2:      layout_basic
D:3:      layout_loops_ring, nicolae_hexahallways, st_stairs_11,
          guppyfry_early_orc_mine
D:4:      layout_cave_pools, uniq_eustachio, uniq_edmund
D:5:      layout_basic, gup_sewer_entry_pipe, serial_bayou_lake_a
D:6:      layout_basic, uniq_sigmund
D:7:      layout_gridville, grunt_temple_overflow_bloody_war, temple_fountains,
          nicolae_ossuary_entry_catacombs
D:8:      layout_loops_ring, mainiacjoe_overflow_tiny_flanked, enter_bailey_7,
          minmay_misc_feat_enclosed, hangedman_decor_diamond_cutter,
          nicolae_looking_at_the_future
D:9:      layout_irregular_city, gammafunk_ghost_berserking_beasts
D:10:     layout_loops_ring, orc_0_dummy, serial_rivers,
          chequers_serial_rivers_large_b, chequers_serial_rivers_room_b,
          chequers_serial_rivers_marsh, chequers_serial_rivers_micro_b,
          chequers_serial_rivers_micro_e, corexii_hall_statues_l
D:11:     layout_loops_ring, david_lair_shrubbed
Temple:   hellmonk_temple_divided_pantheon
Lair:1:   layout_loops_ring, nicolae_volcano_entry_lava_flow, special_room,
          uniq_sonja

Skill      XL: |  1  2  3  4  5  6  7  8  9 10 11 12 |
---------------+-------------------------------------+-----
Stealth        | 1 2 3 4 6 7 8 |  8.1
Fighting       | 3 4 5 6 7 9 11 12 | 12.1
Dodging        | 3 4 6 |  6.1
Ranged Weapons | 5 6 7 8 9 10 11 | 11.3
Armour         | 2 4 |  4.0
Translocations | 2 3 |  3.5
Invocations    | 2 5 6 |  6.2
Evocations     | 2 6 7 |  7.4

Action                     |  1- 3 |  4- 6 |  7- 9 | 10-12 || total
---------------------------+-------+-------+-------+-------++-------
  Melee: Dagger            |       |       |     2 |       ||     2
   Fire: Shortbow          |   119 |   178 |   520 |   575 ||  1392
  Throw: Throwing net      |       |       |     1 |       ||     1
         Dart              |       |       |       |     1 ||     1
 Invoke: Recall Ancestor   |       |       |       |     1 ||     1
         Ancestor Life: Kn |       |       |       |     1 ||     1
         Ancestor Identity |       |       |       |     1 ||     1
Ability: Hop               |     2 |     2 |     3 |     6 ||    13
  Evoke: Wand              |       |       |       |    11 ||    11
    Use: Scroll            |       |    11 |     9 |     5 ||    25
         Potion            |       |     2 |     5 |       ||     7
   Stab: Held in net/web   |       |       |     1 |       ||     1
 Armour: Leather armour    |    11 |    37 |    49 |       ||    97
         Skin              |       |       |    13 |       ||    13
         Ring mail         |       |       |     4 |    42 ||    46
  Dodge: Dodged            |    32 |    79 |   278 |   347 ||   736

Table legend: (Time is in decaauts)
 A = Elapsed time spent in this place.
 B = Non-inter-level travel time spent in this place.
 C = Inter-level travel time spent in this place.
 D = Time resting spent in this place.
 E = Time spent auto-exploring this place.
 F = Levels seen in this place.
 G = Mean time per level.
                   A        B        C        D        E       F      G
               +--------+--------+--------+--------+--------+-----+--------+
         Total |  13529 |  12839 |    690 |   1040 |   8280 |  16 |  845.6 |
       Dungeon |  11505 |  10815 |    690 |    506 |   7831 |  11 | 1045.9 |
        Temple |     63 |     63 |      0 |      0 |      0 |   1 |   63.0 |
          Lair |     35 |     35 |      0 |      0 |      0 |   1 |   35.0 |
         Sewer |    272 |    272 |      0 |      0 |    180 |   1 |  272.0 |
       Ossuary |   1319 |   1319 |      0 |    533 |    203 |   1 | 1319.0 |
        Bailey |    333 |    333 |      0 |      0 |     64 |   1 |  333.0 |
               +--------+--------+--------+--------+--------+-----+--------+

Top non-repeatable levels by time:
     D:7: 1603 daAuts
     D:3: 1331 daAuts
 Ossuary: 1319 daAuts
     D:1: 1238 daAuts
    D:10: 1176 daAuts
     D:2: 1109 daAuts
     D:6: 1078 daAuts
     D:8: 1006 daAuts
    D:11: 890 daAuts
     D:9: 832 daAuts
     D:5: 661 daAuts
     D:4: 577 daAuts
  Bailey: 333 daAuts
   Sewer: 272 daAuts
  Temple: 63 daAuts
